[Event "ChessKid Cup Div-II 2023"]
[Site "Online"]
[Date "2023.05.26"]
[Round "5.3"]
[White "Fedoseev, Vladimir"]
[Black "Mamedyarov, Shakhriyar"]
[Result "1/2-1/2"]
[ECO "D00"]
[WhiteElo "2680"]
[BlackElo "2738"]
[Annotator "TA"]
[PlyCount "144"]
[EventDate "2023.05.21"]
[EventType "k.o."]
[EventCountry "NET"]
[SourceTitle "playchess.com"]
[Source "ChessBase"]
[SourceQuality "1"]
[TimeControl "900+3"]

1. d4 d5 2. Bf4 Nf6 3. e3 Bf5 4. c4 e6 5. Qb3 Nbd7 6. Nc3 {[%emt 0:00:08][%cal Rc4d5] D00: 1 d4 d5: Unusual lines.} dxc4 $1 7. Bxc4 Nb6 8. Be2 Bd6 9. Bg5 {[%emt 0:00:01][%cal Oe3e4,Bf4g5,Bg5h4,Bh4g3][%mdl 32] [#] e4! is the strong threat.} Be7 10. Nf3 O-O {[%emt 0:00:09] [#]} 11. a4 $146 ({Predecessor:} 11. O-O Rb8 12. Rfd1 h6 13. Bh4 c6 14. Rac1 Qd7 15. Ne5 Qd8 16. Bg3 Rc8 17. a4 a5 18. Nd3 Bxd3 19. Bxd3 Qd7 20. Qxb6 {1-0 Ivoskaite,D (2056)-Papler,P (1500) NATO-ch 20th 2009 (4)}) 11... a5 12. O-O h6 13. Bh4 Nfd5 14. Bg3 Nb4 15. e4 Bg4 16. Nb5 Rc8 17. Rfd1 c6 18. Nc3 Bd6 19. Ne5 Bxe2 20. Nxe2 Qe7 21. Rac1 Rfd8 22. Ng4 Bxg3 23. hxg3 c5 24. dxc5 Rxd1+ 25. Qxd1 Nd7 26. Qd6 Kf8 27. Qd4 e5 28. Qd1 Rxc5 {[%emt 0:00:18] [#]} (28... Nxc5 $15 {stays ahead.} 29. Nc3 Ncd3) 29. Nc3 (29. Nxe5 $1 $16 Qxe5 30. Qxd7 Rxc1+ 31. Nxc1) 29... Nf6 30. Nxf6 Qxf6 31. Qd7 Qe7 32. Rd1 b6 33. Qg4 g6 34. Rd7 Qf6 35. Qd1 Rc6 $1 {[%emt 0:00:22] Inhibits Rd6.} 36. Qd2 (36. Rd8+ {is more complex.} Kg7 37. Qd7 Qe6 38. Qb7) 36... Kg7 37. f4 h5 38. Kh1 Re6 39. Kg1 Rc6 40. Kh1 Re6 41. Nd5 (41. Nb5 $11 {remains equal.} Re7 42. Rd6) 41... Nxd5 $17 42. exd5 {[%emt 0:00:00][%mdl 4096] Endgame KQR-KQR} Re8 43. Rc7 h4 ({Black should try} 43... exf4 $17 44. Rc6 Qf5 45. Qxf4 (45. gxf4 Qg4 $17) 45... Qxf4 46. gxf4 Re4 47. Rxb6 Rxa4) 44. Rc6 $11 Qf5 45. gxh4 (45. Rxb6 hxg3 46. Qe1 exf4) 45... exf4 {[%emt 0:00:09] ...f3 would be deadly.} (45... Rh8 $5 46. g3 Qh3+ 47. Qh2 Qf1+ 48. Qg1 Qf3+ 49. Kh2 (49. Qg2 Qd1+ 50. Kh2 exf4 $17) 49... Qxd5 $17) 46. Qd4+ {[%emt 0:00:10] The position is equal.} (46. Rxb6 Qg4 47. Qc3+ (47. Qxa5 Qxh4+ 48. Kg1 Re1+) 47... Kg8 $17) 46... Kg8 47. Rf6 Re4 48. Rxf5 (48. Qxb6 $2 {perishes.} Qe5 49. Qd6 (49. Qd8+ $2 Kg7 $19) 49... Qd4 $19) 48... Rxd4 {[%emt 0:00:01] KR-KR} 49. Rf6 Rb4 50. d6 $1 Rxa4 51. d7 Rd4 52. Rxb6 {[%emt 0:00:00] aiming for Rb8+.} Rxd7 53. Rb5 {[%emt 0:00:01] Prevents Rd5} Ra7 54. Kh2 Kg7 55. Kh3 f5 56. h5 Kh6 57. hxg6 Kxg6 58. Kh2 Kg5 59. Kg1 Kg4 60. Kf2 Ra8 61. b3 Rc8 62. Rxa5 Rc2+ 63. Kf1 Kg3 64. Rxf5 Rf2+ (64... Rxg2 {is a self mate.} 65. Rg5+ Kf3 66. Rxg2 Ke4 67. b4 f3 68. Rc2 f2 69. b5) 65. Ke1 {[%emt 0:00:01] And now Rg5+ would win.} Rxg2 66. b4 Rb2 67. Rg5+ Kf3 68. b5 Ke3 69. Re5+ Kd4 70. Rg5 Ke3 71. Re5+ Kd4 72. Rg5 Ke3 {[%emt 0:00:02] Weighted Error Value: White=0.08 (flawless) /Black=0.09 (flawless)} 1/2-1/2

[Event "ChessKid Cup Div-II 2023"]
[Site "Online"]
[Date "2023.05.26"]
[Round "5.4"]
[White "Mamedyarov, Shakhriyar"]
[Black "Fedoseev, Vladimir"]
[Result "0-1"]
[ECO "E12"]
[WhiteElo "2738"]
[BlackElo "2680"]
[Annotator "TA"]
[PlyCount "98"]
[EventDate "2023.05.21"]
[EventType "k.o."]
[EventCountry "NET"]
[SourceTitle "playchess.com"]
[Source "ChessBase"]
[SourceQuality "1"]
[TimeControl "900+3"]

1. d4 {[%emt 0:00:03] ChessBase II} Nf6 2. c4 e6 3. Nf3 b6 4. g3 Bb7 5. Bg2 Be7 6. O-O O-O 7. Nc3 Na6 8. a3 d5 9. Ne5 c5 10. cxd5 exd5 11. dxc5 bxc5 {[%emt 0:00:15] [#]} 12. Bg5 $146 {[%emt 0:00:12] E12: Queen's Indian: Unusual White 4th moves, 4 a3, 4 Nc3 Bb7 5 a3 and 4 Nc3 Bb7 .} ({Predecessor:} 12. Qb3 Rb8 13. Bf4 Nc7 14. Rfd1 Bd6 15. Qa4 Qe7 16. Nd3 d4 17. Bxb7 Bxf4 18. Bf3 dxc3 19. Qxf4 Ne6 {½-½ Kouatly,B (2440)-Lengyel,L (2420) Bagneux Librairie Saint Germain 1982 (2)}) 12... Nc7 (12... h6 $5 13. Bxf6 Bxf6 $11) 13. Qa4 Qd6 14. Bf4 {[%emt 0:02:35][%cal Oe5g6] White is slightly better.} (14. Nc4 $5 Qa6 15. Na5 $14) 14... Ne6 15. Nc4 (15. Nxf7 $1 $14 Qb6 16. Ne5) 15... Qa6 $1 $11 (15... dxc4 $2 16. Bxd6 Bxd6 17. Bxb7 $18) 16. Qxa6 (16. Ne3 {is interesting.} d4 17. Qxa6 Bxa6 18. Ncd5) 16... Bxa6 17. Nxd5 (17. Bxd5 $5 Nxf4 18. gxf4 $11) 17... Nxd5 18. Bxd5 Nxf4 19. gxf4 Rad8 20. Ne3 Bxe2 21. Rfe1 Bh5 22. Rac1 g6 23. Kg2 Bd6 24. Bf3 Bxf3+ 25. Kxf3 Kg7 26. Rcd1 Bc7 27. Nd5 Bb8 28. Nc3 Rd4 29. Rxd4 cxd4 {[%emt 0:00:01][%mdl 4096] Endgame KRB-KRN} 30. Ne4 Rd8 31. Rh1 ({White should try} 31. Rd1 $11) 31... Rd5 $15 32. Ng3 {[%emt 0:00:15] Wards off Rf5} f5 {[%emt 0:01:03] Black is more active.} 33. Rd1 d3 {[%emt 0:00:02] Black continues to play with concentration.} 34. Ke3 (34. Nf1 $142) 34... g5 $1 $17 35. Kf3 (35. fxg5 $17 f4+ {[%mdl 64] Discovered Attack, Double Attack} 36. Ke4 Re5+ 37. Kd4 fxg3 38. hxg3) 35... g4+ $19 36. Ke3 {[%emt 0:00:02] [#]} Kg6 $1 37. Rxd3 $2 {[%emt 0:00:06] [#]} (37. Nf1) 37... Bxf4+ $1 {[%emt 0:00:03][%mdl 576] Deflection} 38. Ke2 {[%emt 0:00:01] [#]} Rxd3 39. Kxd3 {[%emt 0:00:01] KB-KN} h5 {[%emt 0:00:07][%cal Bh7h5,Bh5h4][%mdl 32] Hoping for ...Kg5.} 40. b4 $2 (40. a4) 40... h4 41. Nf1 Bd6 42. Kc4 Bc7 {[%emt 0:00:17] Threatens to win with ...Bb6.} 43. a4 $2 (43. Kd3 f4 44. Ke4) 43... Bb6 44. f3 gxf3 (44... Bc7 $142 45. fxg4 fxg4) 45. a5 (45. Nd2 $142 Kg5 46. Nxf3+ Kg4 47. Ne5+ Kf4 48. Ng6+ Kg5 49. Ne5) 45... Bg1 46. Nd2 Bxh2 {[%emt 0:00:04] Black mates.} 47. Nxf3 Bg3 48. b5 h3 49. b6 a6 {[%emt 0:00:07] Weighted Error Value: White=0.85/Black=0.12 (very precise)} 0-1

[Event "ChessKid Cup Div-II 2023"]
[Site "Online"]
[Date "2023.05.26"]
[Round "5.5"]
[White "Fedoseev, Vladimir"]
[Black "Mamedyarov, Shakhriyar"]
[Result "1-0"]
[ECO "C24"]
[WhiteElo "2680"]
[BlackElo "2738"]
[Annotator "TA"]
[PlyCount "81"]
[EventDate "2023.05.21"]
[EventType "k.o."]
[EventCountry "NET"]
[SourceTitle "playchess.com"]
[Source "ChessBase"]
[SourceQuality "1"]
[TimeControl "900+3"]

1. e4 e5 2. Nf3 Nc6 3. Bc4 Nf6 4. d3 d5 5. exd5 Nxd5 6. O-O Nb6 7. Bb5 {[%emt 0:00:06] C24: Bishop's Opening: 2...Nf6.} Bd6 8. d4 $5 {[%emt 0:00:21][%mdl 4] Exploring less charted territory.} e4 9. Re1 {[%emt 0:00:11] The position is equal.} f5 10. Bg5 Qd7 11. c4 {[%emt 0:01:44][%cal Bc2c4,Bc4c5][%mdl 32] Hoping for c5.} O-O {[%emt 0:00:29] And now ...h6 would win.} 12. c5 exf3 {[%emt 0:00:06] [#]} 13. cxb6 $146 ({Predecessor:} 13. cxd6 Qxd6 14. d5 a6 15. dxc6 Qxd1 16. Rxd1 axb5 17. Rd8 bxc6 18. gxf3 Be6 19. Rxa8 Rxa8 {0-1 Gasper,J (1919)-Georg,H (2153) Unna op 2016 (5)}) 13... Qf7 {[%emt 0:00:32] [#]} (13... axb6 14. d5 $16) (13... f4 $11 {keeps the balance.} 14. Qxf3 (14. gxf3 $2 axb6 15. Kh1 Ra5 $17) 14... axb6) 14. Bxc6 (14. Nd2 $1 $16 {Threatens to win with Bc4.} Na5 15. Nxf3 (15. gxf3 $2 {too greedy.} a6 $19) (15. Qxf3 axb6 16. Bf4 Be6 $11)) 14... bxc6 $11 15. Qxf3 axb6 {[%emt 0:00:31] White must now prevent ...f4.} 16. Nc3 $2 {[%emt 0:00:06] [#]} (16. Bf4 $1 $11) 16... f4 $1 $19 17. Qxc6 (17. Ne4 {is a better defense.} Bb4 18. Rec1) 17... Bd7 18. Qd5 Qxd5 {[%emt 0:01:04][%mdl 64] Remove Defender} 19. Nxd5 Rf7 (19... Ra5 $19 20. Be7 (20. Ne7+ $2 Kf7 $19) 20... Rxd5 21. Bxf8 Kxf8) 20. Be7 $14 Bc6 21. Bxd6 Bxd5 22. Bb4 h6 23. a3 b5 24. Re5 c6 25. f3 Kh7 26. h4 Rg8 27. Kf2 g5 28. hxg5 Rxg5 29. Rh1 Kg6 ({Better is} 29... Rxe5 30. dxe5 Kg6) 30. Re8 $16 Rg7 31. Rf8 Rf7 32. Rh8 h5 33. Rh4 Rgf5 34. Bd6 Bc4 35. Rg8+ Kh7 36. Re8 Bd5 37. Be5 {[%emt 0:00:22] White is more active.} Kg6 38. Rg8+ Kh7 39. Rh8+ Kg6 40. Rh3 c5 $2 41. g4 {[%emt 0:00:09] Quite a comeback for White.   Weighted Error Value: White=0.16 (very precise) /Black=0.42} 1-0

[Event "ChessKid Cup Div-II 2023"]
[Site "Online"]
[Date "2023.05.23"]
[Round "51.1"]
[White "Andreikin, Dmitry"]
[Black "Bharath Subramaniyam H"]
[Result "1/2-1/2"]
[ECO "D12"]
[WhiteElo "2729"]
[BlackElo "2517"]
[Annotator "TA"]
[PlyCount "127"]
[EventDate "2023.05.21"]
[EventType "k.o."]
[EventCountry "NET"]
[SourceTitle "playchess.com"]
[Source "ChessBase"]
[SourceQuality "1"]
[TimeControl "900+3"]

1. d4 d5 2. c4 c6 3. Nf3 Nf6 4. e3 Bf5 5. Nc3 e6 6. Nh4 Be4 7. f3 Bg6 8. Qb3 Qc7 9. Bd2 {[%emt 0:00:04] D12: Slav Defence: 3 Nf3 Nf6 4 e3 Bf5.} a5 10. Rc1 Be7 {[%emt 0:00:12] [#]} 11. Be2 $146 {[%emt 0:01:27] White is slightly better.} ({Predecessor:} 11. cxd5 exd5 12. g3 Bd8 13. Nb5 Qe7 14. Nd6+ Qxd6 15. Qxb7 Nfd7 16. Nxg6 hxg6 17. Qxa8 Rxh2 18. Rxh2 Qxg3+ {1-0 Efimenko,Z (2599)-Lokander,M (2449) Bundesliga 2223 2022 (8.4)}) 11... Nbd7 12. cxd5 (12. g3 $5 ) 12... Nxd5 13. Nxg6 hxg6 14. f4 (14. g3 $5) 14... Bh4+ 15. Kf1 Nxc3 16. bxc3 g5 17. Bf3 (17. fxg5 $14 Bxg5 18. g3) 17... gxf4 $15 18. exf4 {[%emt 0:00:00] [#]} O-O (18... Bg3 $1 $17) 19. g3 $11 Be7 20. Kg2 a4 (20... b5 $11) 21. Qb1 $36 {[%emt 0:00:07][%mdl 2048] White has some pressure.} Nf6 22. Rhe1 (22. f5 $5 ) 22... Bd6 23. c4 Rfd8 24. Bc3 Be7 25. f5 exf5 26. Qxf5 Qd7 27. Qxd7 Rxd7 28. Rb1 Ne8 $2 (28... Kf8 $16 {was called for.}) 29. d5 (29. Bg4 $18 {is the precise move to win.} Rc7 30. Bd2) 29... cxd5 $16 30. Bxd5 {[%emt 0:00:07] This pair of bishops is nice.} Bf6 31. Bb4 {[%emt 0:02:37] White has more active pieces.} ({But not} 31. Bxb7 $6 Rxb7 32. Rxb7 Bxc3 $11) ({Of course not} 31. Rxb7 $6 Rxd5 32. cxd5 Bxc3 $11) 31... Rc8 32. Ba3 (32. Bc5 $16) 32... Nc7 (32... b5 $1 $11) 33. Rxb7 ({White should try} 33. Bxb7 $16 Rd2+ 34. Kf1) 33... Rcd8 $11 {[%emt 0:00:01] Black is weak on the light squares. The position is equal.} 34. Bb4 {[%emt 0:02:22] [#] Bc6 is the strong threat.} ({Avoid the trap} 34. Rd1 $2 Nxd5 35. Rxd7 Ne3+ 36. Kf3 Nxd1 $19) 34... Nxd5 35. Rxd7 Rxd7 36. cxd5 Rxd5 {[%emt 0:00:00][%mdl 4096] Endgame KRB-KRB} 37. Re8+ Kh7 38. Ra8 Rd4 39. a3 Rc4 40. Kf3 Bb2 41. Re8 {[%emt 0:00:47] Wards off Bxa3} Bc3 42. Bxc3 Rxc3+ {[%emt 0:00:00] KR-KR} 43. Re3 $1 Rc2 44. h4 Kg6 45. Kf4 Rc4+ 46. Re4 Rxe4+ 47. Kxe4 {[%emt 0:00:00] K3P-K3P} Kh5 {[%emt 0:00:06] ( -> ...Kg4)} 48. Kf5 g6+ 49. Kf6 Kg4 50. Kxf7 Kxg3 51. Kxg6 {[%emt 0:00:01] White wants to mate with h5.} Kxh4 {[%emt 0:00:00] KP-KP} 52. Kf5 Kh5 53. Ke4 Kg6 54. Kd4 Kf7 55. Kc4 Ke8 56. Kb4 Kd7 57. Kxa4 {[%emt 0:00:00] KP-K} Kc6 58. Ka5 Kb7 59. Kb5 Ka8 60. a4 $1 Kb8 61. a5 $1 Ka8 62. a6 $1 Kb8 63. Kb6 $1 Ka8 64. a7 {[%emt 0:00:00] Weighted Error Value: White=0.18 (very precise) /Black=0.15 (very precise)} 1/2-1/2

[Event "ChessKid Cup Div-II 2023"]
[Site "Online"]
[Date "2023.05.23"]
[Round "51.1"]
[White "Kravtsiv, Martyn"]
[Black "Mamedyarov, Shakhriyar"]
[Result "0-1"]
[ECO "C47"]
[WhiteElo "2598"]
[BlackElo "2738"]
[Annotator "TA"]
[PlyCount "96"]
[EventDate "2023.05.21"]
[EventType "k.o."]
[EventCountry "NET"]
[SourceTitle "playchess.com"]
[Source "ChessBase"]
[SourceQuality "1"]
[TimeControl "900+3"]

1. e4 e5 2. Nf3 Nf6 3. Nc3 Nc6 4. d4 Bb4 5. Nxe5 Qe7 6. Qd3 Nxe5 7. dxe5 Qxe5 8. Bd2 O-O 9. O-O-O Bxc3 10. Bxc3 Qf4+ {[%emt 0:00:01] C47: Scotch Four Knights and Four Knights with 4 g3.} 11. Rd2 $1 d5 (11... Re8 $14) 12. Qf3 Qxe4 {[%emt 0:01:30] White is better.} 13. Bxf6 Qxf3 14. gxf3 gxf6 {[%emt 0:00:00] [#]} 15. Rxd5 $146 ({Predecessor:} 15. Rg1+ Kh8 16. Rxd5 Be6 17. Rh5 Rg8 18. Rg3 Rxg3 19. hxg3 Kg7 20. Bd3 h6 21. b3 {½-½ Csiki,E (2341)-Pranav,V (2366) Paracin Orbis GM 3rd 2021 (9)}) 15... Kh8 16. Bd3 Rg8 17. Rh5 Rg7 18. Rh6 f5 19. Rh5 Rg2 20. Bxf5 ({White should play} 20. Re1 $16) 20... Bxf5 $11 21. Rxf5 $16 {[%emt 0:00:00][%mdl 4096] Endgame KRR-KRR} Kg7 22. Rd1 Kg6 23. Rc5 c6 24. Rd6+ f6 25. h4 {[%emt 0:00:07] h5+ would be deadly.} Re8 26. h5+ (26. Rd7 $14) 26... Kf7 $11 27. b4 Re1+ 28. Kb2 Ke7 29. Rd2 (29. Rd3 $5 ) 29... Rg5 30. Rxg5 fxg5 {[%emt 0:00:01] KR-KR} 31. Rd4 {[%emt 0:00:01] Strongly threatening Re4+.} Rh1 32. f4 Rxh5 {[%emt 0:00:30] And now ...g4 would win.} 33. fxg5 Rxg5 34. Kc3 h5 35. a4 Kf6 (35... c5 $15 36. Re4+ Kf6) 36. Rd6+ Kf5 {[%emt 0:00:26] White must now prevent ...h4.} 37. Rd7 h4 38. Rxb7 h3 (38... Rh5 $5 39. b5 $8 (39. Rxa7 $2 h3 $19) 39... cxb5 40. Rxb5+ Kg6 $11) 39. Rxa7 $2 (39. Rh7 $11 Kg4 40. f3+ Kg3 41. Rxa7) 39... Kg6 $19 40. Ra8 Kh7 $1 {[%emt 0:00:17] ( -> ...h2)} 41. Ra7+ $2 {[%emt 0:00:02][%mdl 8192] [#]} (41. Re8 $17 h2 42. Re7+ (42. Re1 $2 Rg1 $19) 42... Rg7 43. Re1) 41... Rg7 $1 42. Ra5 {[%emt 0:00:00] [#]} Kh6 $1 43. Re5 h2 {[%emt 0:00:02][%mdl 1024] Black has strong compensation.} 44. Re1 (44. Re6+ $17 Kh7 45. Re1) 44... Rg1 45. Re8 Kh7 ({Weaker is} 45... h1=B 46. a5 $16) (45... h1=Q $2 {perishes.} 46. Rh8+ Kg6 47. Rxh1 Rxh1 48. Kd4 $19) (45... h1=R 46. Rc8 $17) 46. Re7+ Rg7 $2 ({Better is} 46... Kh8 $19 47. Re8+ Kg7 48. Re7+ Kg8 49. Re8+ Kh7 50. Re7+ Kg6 51. Re6+ Kf7) 47. Re1 $11 {[%emt 0:00:00] Hoping for Rh1.} Rg1 {[%emt 0:00:00] Dodges Rh1} 48. Re6 (48. Re7+ $11 Kg6 49. Re6+ Kg7 50. Re7+ Kg8 51. Re8+ Kf7 52. Rh8) 48... h1=Q {[%emt 0:00:04] Weighted Error Value: White=0.70/Black=0.15 (very precise)} ({Not} 48... h1=B 49. a5 $16) 0-1

[Event "ChessKid Cup Div-II 2023"]
[Site "Online"]
[Date "2023.05.23"]
[Round "51.1"]
[White "Rasulov, Vugar"]
[Black "Le, Tuan Minh"]
[Result "0-1"]
[ECO "C01"]
[WhiteElo "2523"]
[BlackElo "2542"]
[Annotator "TA"]
[PlyCount "114"]
[EventDate "2023.05.21"]
[EventType "k.o."]
[EventCountry "NET"]
[SourceTitle "playchess.com"]
[Source "ChessBase"]
[SourceQuality "1"]
[TimeControl "900+3"]

1. c4 c6 2. e4 e6 3. Nc3 d5 4. d4 Bb4 5. exd5 exd5 6. Nf3 Nf6 7. Be2 {[%emt 0:00:12] C01: French: Exchange Variation.} O-O 8. O-O h6 9. Bf4 {[%emt 0:01:05] [#] White is slightly better.} Re8 $146 ({Predecessor:} 9... Bf5 10. Qb3 Qe7 11. Rfe1 Bxc3 12. bxc3 Be4 13. c5 Qd7 14. Bd6 Re8 15. Ne5 Qc8 {1-0 Ibarra,C (1435)-Sanchez Negreiros,J (1119) Pan American-ch U10 2019 (9)}) 10. Rc1 Bg4 11. cxd5 Nxd5 12. Bg3 (12. Nxd5 {looks sharper.} Qxd5 13. Bc4 Bxf3 14. Qb3) 12... Be6 13. Bd3 Nd7 14. Bb1 Nf8 15. Ne5 Nf6 16. Re1 Qb6 17. a3 {[%emt 0:00:48] Black must now prevent Na4.} Bxc3 18. bxc3 c5 19. Bd3 cxd4 20. Rb1 Qa5 21. cxd4 (21. Rxb7 dxc3 22. Qc1 Rac8 $15) 21... Qxa3 22. Rxb7 Rac8 23. Qa1 Qxa1 24. Rxa1 Red8 25. Nf3 (25. Raxa7 $2 {is the wrong capture.} Rc1+ 26. Bf1 Rxd4 $19) 25... Bd5 26. Rbxa7 Bxf3 27. gxf3 Rxd4 28. Bf5 {[%emt 0:00:16] This pair of bishops is nice.} Rc5 29. Bh3 h5 30. R7a6 Ng6 31. Bb8 Rd3 32. Bg2 Nh4 33. f4 {[%emt 0:00:43] Prevents Rg5} Rd2 (33... Rc2 $5 ) 34. Ba7 Rb5 35. Be3 Rdb2 36. Bf1 Rb8 37. Ra8 Ng4 38. Rxb8+ Rxb8 39. Ba7 Rb4 40. h3 Nf6 41. Be3 Nd5 42. Bd3 {[%emt 0:00:07] White wants to mate with Ra8+.} f5 43. Bc5 Rxf4 44. Rd1 Kh7 45. Be2 (45. Kh2 $11) 45... Nc3 $17 46. Rd2 Nxe2+ 47. Rxe2 {[%emt 0:00:01][%mdl 4096] Endgame KRB-KRN} Rc4 48. Bd6 f4 {[%emt 0:00:01] ...Rc1+ is the strong threat.} 49. Kf1 Kg6 (49... f3 $142 50. Re5 Nf5) 50. Ra2 Kf5 51. Ra5+ {[%emt 0:00:01] [#]} Ke4 $1 52. Rxh5 $2 {[%emt 0:00:07][%mdl 8192] [#]} (52. Be7 $17 Nf5 53. Bg5) 52... Kf3 $2 53. Ke1 $2 (53. Rc5 $11 Rxc5 54. Bxc5) 53... Ng2+ {[%emt 0:00:02] Black mates.} 54. Kd2 Rd4+ ({Inferior is} 54... Kxf2 55. Bc5+ Kf3 56. Rg5 $17) 55. Kc3 Rxd6 56. Rg5 Kxf2 57. Rxg7 f3 {[%emt 0:00:01] Weighted Error Value: White=0.36/Black=0.21 (precise)} 0-1

[Event "ChessKid Cup Div-II 2023"]
[Site "Online"]
[Date "2023.05.23"]
[Round "51.2"]
[White "Mamedyarov, Shakhriyar"]
[Black "Kravtsiv, Martyn"]
[Result "1-0"]
[ECO "B06"]
[WhiteElo "2738"]
[BlackElo "2598"]
[Annotator "TA"]
[PlyCount "81"]
[EventDate "2023.05.21"]
[EventType "k.o."]
[EventCountry "NET"]
[SourceTitle "playchess.com"]
[Source "ChessBase"]
[SourceQuality "1"]
[TimeControl "900+3"]

1. d4 g6 2. Nf3 Bg7 3. e4 d6 4. Bc4 a6 5. a4 c6 6. Nc3 {[%emt 0:00:07] B06: Modern Defence.} e6 7. O-O Ne7 {[%emt 0:00:04] [#]} 8. Re1 $146 {[%emt 0:00:19] White is better.} ({Predecessor:} 8. Be3 O-O 9. Qd2 Nd7 10. Bh6 d5 11. Bb3 f5 12. Bxg7 Kxg7 13. e5 h6 14. Ne2 {0-1 Sieker,K-Schneider,L GER-ch Seniors 13th 2001 (2)}) 8... O-O 9. Bf4 b6 10. h4 Bb7 {[%emt 0:00:03] [#]} 11. h5 $1 b5 (11... d5 12. h6) 12. Bd3 b4 $1 13. Ne2 c5 14. c3 Nbc6 15. Qd2 bxc3 16. bxc3 cxd4 17. cxd4 a5 18. Bh6 (18. hxg6 {simplifies} hxg6 19. Qe3 e5 20. Bg5) 18... Nb4 19. Bxg7 Kxg7 20. Ng3 Ng8 21. Bb5 $1 $36 {[%emt 0:00:15][%mdl 2048] White fights for an advantage.} Rc8 22. Rac1 {[%emt 0:00:02] Against Nc2} Qe7 23. Rxc8 (23. Qf4 {is more complex.} Nh6 24. Red1 Na2 25. Ra1) 23... Rxc8 24. Rc1 Rxc1+ 25. Qxc1 Nf6 26. h6+ Kh8 (26... Kg8 $16) 27. e5 (27. d5 $18) 27... dxe5 $16 28. Nxe5 Nbd5 29. Qc5 Kg8 30. Nc4 {[%emt 0:00:06] White is much more active.} Qxc5 ({Black should try} 30... Qc7) 31. dxc5 Kf8 32. Nxa5 Bc8 (32... Ba8 $16 33. Nc4 Ng8) 33. Nc4 {[%emt 0:00:07][%cal Ba5c4,Bc4d6,Bd6c8,Bc8a7][%mdl 32] Black must now prevent Nd6.} Ke7 (33... Nc7 {is a better defense.} 34. Nd6 Ba6) 34. Nd6 $18 Bd7 35. Nge4 Bxb5 36. axb5 {[%emt 0:00:06] And now Nxf6 would win. KNN-KNN} Nd7 37. Nc8+ Kd8 38. Na7 f6 39. b6 {[%emt 0:00:06][%cal Bb5b6,Bb6b7][%mdl 32] Threatens to win with Nc6+.} Ne7 {[%emt 0:00:08] Prevents Nc6+} (39... Nxc5 40. Nxc5 Nxb6 41. Nc6+ Kc7) 40. b7 {[%emt 0:00:52] Strongly threatening c6.} Kc7 {[%emt 0:00:04] [#]} 41. c6 $1 {[%emt 0:00:01][%mdl 512] Weighted Error Value: White=0.12 (very precise) /Black=0.31} 1-0

[Event "ChessKid Cup Div-II 2023"]
[Site "Online"]
[Date "2023.05.23"]
[Round "51.2"]
[White "Le, Tuan Minh"]
[Black "Rasulov, Vugar"]
[Result "1/2-1/2"]
[ECO "D43"]
[WhiteElo "2542"]
[BlackElo "2523"]
[Annotator "TA"]
[PlyCount "98"]
[EventDate "2023.05.21"]
[EventType "k.o."]
[EventCountry "NET"]
[SourceTitle "playchess.com"]
[Source "ChessBase"]
[SourceQuality "1"]
[TimeControl "900+3"]

1. d4 Nf6 2. Nf3 d5 3. c4 e6 4. Nc3 c6 5. Bg5 h6 6. Bxf6 Qxf6 7. Qb3 dxc4 8. Qxc4 Nd7 9. Rd1 Qe7 {[%emt 0:00:19] D43: Semi-Slav: 5 Bg5 h6.} 10. g3 {[%emt 0:00:19] [#]} Nb6 $146 ({Predecessor:} 10... Qb4 11. Qxb4 Bxb4 12. a3 Be7 13. Bg2 O-O 14. O-O Rd8 15. Rc1 Nb6 16. Rfd1 Bd7 17. Nd2 {½-½ Rausis,I (2578)-Loetscher,R (2414) Riga Tech op 4th 2014 (3)}) 11. Qb3 Qb4 {[%emt 0:00:03] White is slightly better.} 12. Qxb4 Bxb4 13. a3 Be7 14. e3 O-O 15. Be2 Rd8 16. O-O Nd5 17. Rc1 Bd7 18. Ne4 Be8 19. Rfd1 a5 20. Nc5 Ra7 (20... b6 $5 21. Ne4 Rac8 $11) 21. Ne5 Bd6 22. Bf3 Kf8 23. Kg2 Ke7 (23... Bxe5 {simplifies} 24. dxe5 b6 25. Ne4 c5) 24. h4 Nb6 25. Ned3 Nd7 26. Nxd7 Bxd7 27. Nc5 Bc8 28. Na4 Bc7 29. Nc3 {[%emt 0:00:04][%cal Oc3b5] Nb5! would be deadly.} Bb8 30. Na4 Bc7 31. Nc3 {[%emt 0:00:04][%cal Oc3b5] aiming for Nb5!} Rd7 (31... Bb8 $11) 32. e4 (32. Be2 $14) 32... Ra6 33. d5 Be5 34. Na4 {[%emt 0:00:06] Strongly threatening Nc5.} Rd8 $1 ({Don't take} 34... exd5 35. exd5 Rd8 36. Re1 $16 (36. dxc6 Rxd1 37. Rxd1 bxc6 $11)) 35. Be2 Ra7 36. f4 Bb8 37. Nb6 exd5 38. Nxc8+ Rxc8 39. exd5 a4 ({Black should try} 39... Bd6 $14) 40. Bg4 {[%emt 0:00:24] White is more active.} Rd8 41. dxc6 bxc6 42. Rxd8 Kxd8 43. Rxc6 $14 {[%emt 0:00:01][%mdl 4096] [#] Endgame Black must now prevent Rc8+. KRB-KRB} Rb7 44. Rc8+ Ke7 45. Rc2 Ba7 $2 (45... g5 $1 $11) 46. Bf3 (46. Bc8 $18 Rb8 47. Rc7+ Kf6 48. Rxa7 Rxc8 49. Rxa4 (49. Ra6+ Ke7 $16)) 46... Rd7 $16 47. Bg4 (47. Bc6 $142 Rd4 48. Bb5) 47... Rb7 48. Bf3 ({Better is} 48. Bc8 Rb8 49. Rc7+ Kf8 50. Rxa7 Rxc8 51. Rxa4) 48... Rd7 49. Bg4 (49. Bc6 $16 Rd4 50. Bb5) 49... Rb7 {[%emt 0:00:01] Weighted Error Value: White=0.20 (precise) /Black=0.15 (very precise)} 1/2-1/2